 Dungeon Crawl Stone Soup version 0.31-a0-188-g5e087ee2ca (webtiles) character file.

Game seed: 8897581297873289085

56 qw the Shooter (level 3, -7/20 HPs)
             Began as a Deep Elf Hunter on June 23, 2023.
             Mangled by a gnoll
             ... wielding a +0 flail
              (13 damage)
             ... on level 3 of the Dungeon.
             The game lasted 00:00:29 (1533 turns).

qw the Shooter (Deep Elf Hunter)                    Turns: 1533, Time: 00:00:29

Health: -7/20      AC:  4    Str:  7 (10) XL:     3   Next: 71%
Magic:  5/5        EV: 12    Int: 10 (13) God:
Gold:   140        SH:  0    Dex: 17 (18) Spells: 2/2 levels left

rFire   . . .        Y - +0 shortbow
rCold   . . .        (shield currently unavailable)
rNeg    . . .        c - +0 leather armour
rPois   .            (no helmet)
rElec   .            (no cloak)
rCorr   .            (no gloves)
SInv    .            i - +0 pair of boots
Will    .....        (no amulet)
Stlth   ++           (no ring)
HPRegen 0.23/turn    (no ring)
MPRegen 0.09/turn

%: no passive effects
@: about to teleport
A: no striking features
a: no special abilities


You were on level 3 of the Dungeon.
You visited 1 branch of the dungeon, and saw 3 of its levels.

You collected 140 gold pieces.


   Skills:
 - Level 1.5 Fighting
 + Level 7.2 Ranged Weapons
 - Level 2.4 Dodging
 - Level 1.2 Stealth


You had 2 spell levels left.
You didn't know any spells.
Your spell library was empty.

Inventory:

Hand Weapons
 Y - a +0 shortbow (weapon)
Armour
 c - a +0 leather armour (worn)
 i - a +0 pair of boots (worn)
Scrolls
 a - a scroll of teleportation
 b - a scroll of amnesia {unknown}
Potions
 d - a potion of heal wounds {unknown}
 e - a potion of haste {unknown}
 f - a potion of berserk rage {unknown}
 g - a potion of cancellation
 k - a potion of might {unknown}

Dungeon Overview and Level Annotations

Branches:
Dungeon (3/15)

Altars:


Message History

The gnoll shouts!
The arrow hits the gnoll.
The gnoll is severely wounded.
The gnoll closely misses you.
You shoot an arrow. The arrow barely misses the gnoll.
The bat hits you but does no damage. The gnoll misses you.
You shoot an arrow. The arrow barely misses the gnoll.
The gnoll closely misses you. The bat barely misses you.
You shoot an arrow. The arrow hits the bat.
The bat is moderately wounded.
The bat hits you but does no damage. The gnoll closely misses you.
You shoot an arrow. The arrow closely misses the gnoll.
The bat misses you. The gnoll barely misses you.
You shoot an arrow. The arrow hits the gnoll!
You kill the gnoll!
The bat closely misses you.
You shoot an arrow. The arrow misses the bat.
The bat closely misses you. The gnoll closely misses you.
The gnoll hits you with a +0 flail.
You shoot an arrow. The arrow hits the gnoll.
The gnoll is heavily wounded.
The bat barely misses you. The bat closely misses you. The gnoll misses you.
The gnoll hits you from afar with a +0 spear!
You shoot an arrow. The arrow barely misses the gnoll.
The bat hits you but does no damage. The gnoll hits you with a +0 flail!
The gnoll barely misses you.
You shoot an arrow. The arrow hits the gnoll.
The gnoll is almost dead.
The bat closely misses you. The gnoll barely misses you. The gnoll misses you.
You shoot an arrow.
The arrow hits the gnoll but does no damage.
The gnoll is almost dead.
The bat hits you. The bat closely misses you. The gnoll completely misses you.
The gnoll closely misses you.
1533 ||| READING 2 scrolls of teleportation.
As you read the scroll of teleportation, it crumbles to dust.
You feel strangely unstable. The bat hits you but does no damage.
The gnoll hits you with a +0 flail!
Ouch! That really hurt!
You die...

#.#####.## # .
......
#.#####.....
######
#.......#.# #
##..####.. #
##>...###.# ###
#######..##.....#
##..
#.......###.#####
#..#
...#########b#
##.## #...@#
####..## #.##g.#
#....#.. # ##g#
#<.# .. #...%#
#.. #....# ##.
...(### .. ......
.. ####.# ..


You could see 2 gnolls and a bat.

Vanquished Creatures
  A gnoll (D:3)
  An adder (D:2)
  5 endoplasms
  3 giant cockroaches
  4 goblins
  6 hobgoblins
  4 ball pythons
  6 bats
  3 frilled lizards (D:1)
  A kobold (D:2)
  A rat (D:2)
35 creatures vanquished.

Notes
Turn   | Place    | Note
-------+----------+-------------------------------------------
     0 | D:1      | qw the Deep Elf Hunter began the quest for the Orb.
     0 | D:1      | Reached XP level 1. HP: 12/12 MP: 3/3
     0 | D:1      | 0 ||| qw: Version: 0.3-a-9-g12657ce
     0 | D:1      | 0 ||| qw: Game counter: 3793
     0 | D:1      | 0 ||| qw: Always use a shield: true
     0 | D:1      | 0 ||| qw: God list: Okawaru
     0 | D:1      | 0 ||| qw: Allow faded altars: false
     0 | D:1      | 0 ||| qw: Do Orc after D:15 true
     0 | D:1      | 0 ||| qw: Do second Lair branch before Depths: true
     0 | D:1      | 0 ||| qw: Lair rune preference: random
     0 | D:1      | 0 ||| qw: Plans: Normal
     0 | D:1      | 0 ||| PLANNING D:1-11
   104 | D:1      | Reached skill level 6 in Ranged Weapons
   104 | D:1      | Reached XP level 2. HP: 16/16 MP: 4/4
   404 | D:1      | 404 ||| READING scroll labelled VIREOFAELO.
   405 | D:1      | 405 ||| READING scroll labelled OSMIORUTID.
   406 | D:1      | 406 ||| READING scroll labelled LEACEM ROICO.
   410 | D:1      | 410 ||| DROPPING scroll of butterflies.
   448 | D:2      | Found a faded altar of an unknown god.
   591 | D:2      | Reached XP level 3. HP: 20/20 MP: 5/5
  1371 | D:2      | 1371 ||| UPGRADING to +0 pair of boots.
  1376 | D:2      | 1376 ||| READING scroll labelled BAUGUB OPUUPH.
  1377 | D:2      | 1377 ||| READING scroll labelled HIBBO NEOC.
  1378 | D:2      | 1378 ||| DRINKING 2 blue potions.
  1379 | D:2      | 1379 ||| DRINKING 2 smoky blue potions.
  1380 | D:2      | 1380 ||| DROPPING potion of degeneration.
  1436 | D:3      | Reached skill level 7 in Ranged Weapons
  1532 | D:3      | HP: 5/20 [bat (1)]
  1533 | D:3      | 1533 ||| READING 2 scrolls of teleportation.
  1533 | D:3      | Mangled by a gnoll

Levels and vault maps discovered:
D:1:      giann_wishing_wells, layout_rooms, st_stairs_3,
          hangedman_abyss_or_decor_lesser_grid
D:2:      layout_basic, chequers_ecumenical_altar_island,
          chequers_serial_rivers_micro_b, minmay_pentomino_x2
D:3:      layout_rooms, led_sif_pool, bloody_makhleb

Skill      XL: |  1  2  3 |
---------------+----------+-----
Ranged Weapons | 6 7 |  7.2
Fighting       | |  1.5
Dodging        | |  2.4
Stealth        | |  1.2

Action                     || total
---------------------------++-------
   Fire: Shortbow          ||   104
    Use: Scroll            ||     6
         Potion            ||     2
 Armour: Leather armour    ||    12
  Dodge: Dodged            ||    33

Table legend:
 A = Non-vault XP
 B = Vault XP
 C = Vault XP percentage of total XP
 D = Non-vault monster count
 E = Vault monster count
 F = Vault count percentage of total count
                 A         B        C        D         E       F
            +---------+---------+-------+---------+---------+-------
      Total |      76 |       5 |   6.2 |      32 |       3 |   8.6
            +---------+---------+-------+---------+---------+-------
        D:1 |      23 |       2 |   8.0 |      14 |       1 |   6.7
        D:2 |      29 |       3 |   9.4 |      11 |       2 |  15.4
        D:3 |      24 |       0 |   0.0 |       7 |       0 |   0.0
            +---------+---------+-------+---------+---------+-------
